 Dungeon Crawl Stone Soup version 0.27-a0-553-ge0ab5a2769 (webtiles) character file.

Game seed: 14843634660805588636

69 Chiseanne the Magician (level 4, 24/30 HPs)
             Began as a Demonspawn Hedge Wizard on Mar 8, 2021.
             Quit the game on level 2 of the Dungeon.
             The game lasted 00:02:52 (3483 turns).

Chiseanne the Magician (Demonspawn Hedge Wizard)    Turns: 3483, Time: 00:02:53

Health: 24/30      AC:  5    Str: 10    XL:     4   Next: 2%
Magic:  3/9        EV: 12    Int: 17    God:
Gold:   108        SH:  0    Dex: 12    Spells: 9/10 levels left

rFire    . . .     SeeInvis .   s - +2 dagger (venom)
rCold    . . .     Faith    .   (no shield)
rNeg     . . .     Spirit   .   b - +0 robe
rPois    .         Reflect  .   c - +0 hat
rElec    .         Harm     .   k - scarf {shadows}
rCorr    .         Rampage  .   (no gloves)
Will     .....                  (no boots)
Stlth    ++........             (no amulet)
HPRegen  0.10/turn              (no ring)
MPRegen  0.11/turn              (no ring)

@: very slightly contaminated
A: talons 1, icy blue scales 2
a: no special abilities


You were on level 2 of the Dungeon.
You visited 1 branch of the dungeon, and saw 2 of its levels.

You collected 108 gold pieces.

Inventory:

Hand Weapons
 j - a +0 mace
 s - a +2 dagger of venom (weapon)
Missiles
 a - 8 curare-tipped darts
 h - 49 stones
 i - 32 sling bullets
Armour
 b - a +0 robe (worn)
 c - a +0 hat (worn)
 k - a scarf of shadows (worn)
Jewellery
 f - an amulet of regeneration
 g - an amulet of the acrobat
 m - a ring of wizardry
Scrolls
 d - a scroll of fog {unknown}
 e - 3 scrolls of amnesia {unknown}
 l - 2 scrolls of blinking {unknown}
 n - a scroll of enchant armour {unknown}
 o - 2 scrolls of teleportation {unknown}
 p - 3 scrolls of identify {unknown}
 q - a scroll of noise {unknown}
Potions
 r - a potion of curing {unknown}


   Skills:
 - Level 1.7 Dodging
 - Level 1.7 Stealth
 * Level 3.9 Spellcasting
 * Level 2.8 Conjurations
 - Level 1.0 Summonings
 - Level 0.8 Translocations


You had 9 spell levels left.
You knew the following spells:

 Your Spells              Type           Power      Damage    Failure   Level
a - Magic Dart            Conj           48%        1d5       4%          1

Your spell library contained the following spells:

 Spells                   Type           Power      Damage    Failure   Level
 Call Imp                 Summ           6%         N/A       16%         2
 Blink                    Tloc           N/A        N/A       17%         2
 Slow                     Hex            3%         N/A       24%         2
 Conjure Flame            Conj/Fire      8%         6-21      26%         3
 Mephitic Cloud           Conj/Pois/Air  6%         N/A       32%         3


Dungeon Overview and Level Annotations

Branches:
Dungeon (2/15)

Altars:
Kikubaaqudgha
The Shining One


Innate Abilities, Weirdness & Mutations

You have sharp toenails.
You are mostly covered in icy blue scales. (AC +3)


Message History

Aiming: Magic Dart (safe; 5% risk of failure)
Press: ? - help, Shift-Dir - straight line, f - leopard gecko
Aim: a leopard gecko (asleep, 0% to evade)
The magic dart hits the leopard gecko.
The leopard gecko is moderately wounded.
The leopard gecko hisses angrily.
Casting: Magic Dart (safe; 5% risk of failure)
Confirm with . or Enter, or press ? or * to list all spells.
Aiming: Magic Dart (safe; 5% risk of failure)
Press: ? - help, Shift-Dir - straight line, f/p - leopard gecko
Aim: a leopard gecko (moderately wounded, 0% to evade)
The magic dart hits the leopard gecko.
The leopard gecko is heavily wounded.
Casting: Magic Dart (safe; 5% risk of failure)
Confirm with . or Enter, or press ? or * to list all spells.
Aiming: Magic Dart (safe; 5% risk of failure)
Press: ? - help, Shift-Dir - straight line, f/p - leopard gecko
Aim: a leopard gecko (heavily wounded, 0% to evade)
You miscast Magic Dart.
You are very lightly contaminated with residual magic.
Nothing appears to happen.
The leopard gecko bites you. x2
Casting: Magic Dart (safe; 5% risk of failure)
Confirm with . or Enter, or press ? or * to list all spells.
Aiming: Magic Dart (safe; 5% risk of failure)
Press: ? - help, Shift-Dir - straight line, f/p - leopard gecko
Aim: a leopard gecko (heavily wounded, 0% to evade)
The magic dart hits the leopard gecko but does no damage.
The leopard gecko is heavily wounded.
The leopard gecko barely misses you.
Casting: Magic Dart (safe; 5% risk of failure)
Confirm with . or Enter, or press ? or * to list all spells.
Aiming: Magic Dart (safe; 5% risk of failure)
Press: ? - help, Shift-Dir - straight line, f/p - leopard gecko
Aim: a leopard gecko (heavily wounded, 0% to evade)
The magic dart hits the leopard gecko.
You kill the leopard gecko!
You have reached level 4!
You feel clever.
Your demonic ancestry asserts itself...
Your toenails lengthen and sharpen.
Are you sure you want to abandon this character and quit the game? (Confirm with "yes".)

#.......# ### #####.#'#
#.......+ ........[
#.......# #####... #+
#.......
#.##########[......
#.#........'....... ..
#.#.########.......
....#.#.#.........)...#
....'.@................
....###.......#.#'#'#..
.. ####.##.#.#.#...#
#.##.#.#.###.# ##.#.#.#
#.# #.#.#.# # # ..#.#.#
# #.#.. # #.#######


There were no monsters in sight!

Vanquished Creatures
  An adder (D:2)
  An ooze (D:1)
  2 worms (D:2)
  A dart slug (D:1)
  3 leopard geckos
  8 goblins
  9 hobgoblins
  7 bats
  4 frilled lizards (D:2)
  5 kobolds
  2 rats (D:1)
43 creatures vanquished.

Vanquished Creatures (others)
  6 withered plants (D:2)
6 creatures vanquished.

Grand Total: 49 creatures vanquished

Notes
Turn   | Place    | Note
-------+----------+-------------------------------------------
     0 | D:1      | Chiseanne the Demonspawn Hedge Wizard began the quest for
                  | the Orb.
     0 | D:1      | Reached XP level 1. HP: 13/13 MP: 4/4
     1 | D:1      | Chiseanne: you fucking suck
   203 | D:1      | Gained mutation: You are partially covered in icy blue
                  | scales. (AC +2) [demonic ancestry]
   203 | D:1      | Reached XP level 2. HP: 1/19 MP: 1/6
  1662 | D:1      | Gained mutation: You are mostly covered in icy blue scales.
                  | (AC +3) [demonic ancestry]
  1662 | D:1      | Reached XP level 3. HP: 23/24 MP: 1/8
  2826 | D:2      | Found an ancient bone altar of Kikubaaqudgha.
  3483 | D:2      | Gained mutation: You have sharp toenails. [demonic
                  | ancestry]
  3483 | D:2      | Reached XP level 4. HP: 24/30 MP: 3/9
  3483 | D:2      | Quit the game

Illustrated notes

Levels and vault maps discovered:
D:1:      lemuel_arrival_tunnels, layout_loops_ring, minmay_hexomino_c4
D:2:      layout_basic, lemuel_round_altar, kiku_gazebo_garden_becter

Skill      XL: |  1  2 |
---------------+-------+-----
Conjurations   | 2 |  2.8
Dodging        | |  1.7
Stealth        | |  1.7
Spellcasting   | |  3.9
Summonings     | |  1.0
Translocations | |  0.8

Action                   |  1- 3 |  4- 6 || total
-------------------------+-------+-------++-------
Melee: Dagger            |    42 |       ||    42
       Short sword       |     9 |       ||     9
 Cast: Magic Dart        |   104 |       ||   104
Armor: Robe              |    16 |       ||    16
Dodge: Dodged            |    35 |       ||    35

Table legend: (Time is in decaauts)
 A = Elapsed time spent in this place.
 B = Non-inter-level travel time spent in this place.
 C = Inter-level travel time spent in this place.
 D = Time resting spent in this place.
 E = Time spent auto-exploring this place.
 F = Levels seen in this place.
 G = Mean time per level.
                   A        B        C        D        E       F      G
               +--------+--------+--------+--------+--------+-----+--------+
         Total |   3485 |   3418 |     67 |   1626 |   1467 |   2 | 1742.5 |
       Dungeon |   3485 |   3418 |     67 |   1626 |   1467 |   2 | 1742.5 |
               +--------+--------+--------+--------+--------+-----+--------+

Top non-repeatable levels by time:
     D:2: 1923 daAuts
     D:1: 1562 daAuts
